 Dungeon Crawl Stone Soup version 0.29-a0-356-g7bc237e783 (webtiles) character file.

Game seed: 2464587137167347062

231847 zishaf the Warrior (level 18, -1/99 HPs)
             Began as a Spriggan Hunter on Apr 26, 2022.
             Was the Champion of Hepliaklqana.
             Killed from afar by a frost giant (27 damage)
             ... with a bolt of cold
             ... on level 4 of the Shoals.
             The game lasted 02:26:35 (39172 turns).

zishaf the Warrior (Spriggan Hunter)               Turns: 39172, Time: 02:26:36

Health: -1/99      AC: 15    Str:  7    XL:     18   Next: 80%
Magic:  25/25      EV: 34    Int:  9    God:    Hepliaklqana [******]
Gold:   2891       SH:  0    Dex: 26    Spells: 18/23 levels left

rFire   . . .      SeeInvis +   a - +9 fustibalus (flame)
rCold   . . .      Faith    .   (shield currently unavailable)
rNeg    . . .      Spirit   .   r - quicksilver dragon scales
rPois   +          Reflect  .   (helmet restricted)
rElec   .          Harm     .   O - scarf {+Inv}
rCorr   .          Rampage  .   (gloves unavailable)
Will    ++++.                   (boots unavailable)
Stlth   ++++......              p - amulet of regeneration
HPRegen 1.06/turn               n - ring "Akaxuaf" {rPois AC+4}
MPRegen 0.19/turn               s - +4 ring of evasion

@: very quick
A: reduced essence, very small, no large weapons, unfitting armour, see
invisible, speed 3, dopey 1
}: 1/15 runes: gossamer
a: Renounce Religion, Evoke Invisibility, Recall Ancestor, Ancestor Identity,
Transference, Idealise


You were on level 4 of the Shoals.
You worshipped Hepliaklqana.
Hepliaklqana was exalted by your worship.
You visited 6 branches of the dungeon, and saw 32 of its levels.
You also visited: Gauntlet.

You collected 4011 gold pieces.
You spent 1120 gold pieces at shops.

Inventory:

Hand Weapons
 a - a +9 fustibalus of flaming (weapon)
 b - a +4 short sword of venom
 m - the +3 mace of Ashenzari's Regard {protect, *Rage rC+++ Dex+4 Stlth+}
   (You found it on level 2 of the Dungeon)

   It grants its wielder temporary protection when it strikes (+7 to AC).
   Dex:       It affects your dexterity (+4).
   rC:        It renders you almost immune to cold.
   *Rage:     It berserks you when you make melee attacks (+20% chance).
   Stlth:     It makes you more stealthy.
 K - a +0 fustibalus of freezing
 Y - a +2 antimagic rapier
Missiles
 k - 11 throwing nets
 F - 5 silver boomerangs
Armour
 r - quicksilver dragon scales (worn)
 O - a scarf of invisibility (worn)
Jewellery
 j - a ring of protection from fire
 n - the ring "Akaxuaf" (left hand) {rPois AC+4}
   (You found it in a Gauntlet)

   [ring of protection]

   AC:        It affects your AC (+4).
   rPois:     It protects you from poison.
 p - an amulet of regeneration (around neck)
 s - a +4 ring of evasion (right hand)
 S - a ring of ice
 Z - the ring of Selygami {rElec MP+9 Str+2 Dex+3}
   (You found it on level 5 of the Lair of Beasts)

   [ring of magical power]

   Str:       It affects your strength (+2).
   Dex:       It affects your dexterity (+3).
   rElec:     It insulates you from electricity.
   MP:        It affects your magic capacity (+9).
Wands
 q - a wand of digging (2)
 y - a wand of acid (11)
 z - a wand of polymorph (12)
 A - a wand of mindburst (4)
 E - a wand of charming (20)
 Q - a wand of iceblast (6)
 U - a wand of flame (22)
Scrolls
 c - 8 scrolls of immolation
 d - a scroll of silence
 f - 4 scrolls of fog
 i - 11 scrolls of teleportation
 o - 2 scrolls of holy word
 v - 7 scrolls of blinking
 w - 3 scrolls of magic mapping
 B - 4 scrolls of enchant armour
 I - 4 scrolls of brand weapon
 M - 20 scrolls of identify
 P - 3 scrolls of fear
Potions
 e - 6 potions of flight
 g - 6 potions of brilliance
 h - 12 potions of curing
 t - 5 potions of might
 u - 8 potions of haste
 H - 10 potions of ambrosia
 J - 2 potions of resistance
 L - a potion of magic
 N - 11 potions of heal wounds
 R - 3 potions of berserk rage
 V - 3 potions of invisibility
 X - 2 potions of lignification
Miscellaneous
 l - a phantom mirror
 D - a condenser vane
 T - a tin of tremorstones (2/2)
 W - a lightning rod (4/4)


   Skills:
 + Level 18.6 Fighting
 - Level 8.0 Short Blades
 - Level 18.0 Slings
 + Level 5.8 Armour
 + Level 18.1 Dodging
 - Level 8.0 Stealth
 - Level 3.0 Spellcasting
 - Level 6.0 Translocations
 - Level 8.0 Invocations
 - Level 15.0 Evocations


You had 18 spell levels left.
You knew the following spells:

 Your Spells              Type           Power      Damage    Failure   Level
a - Blink                 Tloc           24%        N/A       12%         2
b - Teleport Other        Tloc           12%        N/A       22%         3

Your spell library contained the following spells:

 Spells                   Type           Power      Damage    Failure   Level
 Gell's Gravitas          Tloc           12%        N/A       22%         3
 Lesser Beckoning         Tloc           12%        N/A       22%         3
 Animate Skeleton         Necr           2%         N/A       65%         1
 Freeze                   Ice            4%         1d3       65%         1
 Magic Dart               Conj           4%         1d3       65%         1
 Pain                     Necr           4%         1d4       65%         1
 Slow                     Hex            4%         N/A       65%         1
 Sting                    Tmut/Pois      4%         1d3       65%         1
 Summon Small Mammal      Summ           4%         N/A       65%         1
 Call Imp                 Summ           1%         N/A       80%         2
 Poisonous Vapours        Pois/Air       2%         N/A       80%         2
 Manifold Assault         Tloc           12%        N/A       91%         5
 Call Canine Familiar     Summ           1%         N/A       95%         3
 Confusing Touch          Hex            1%         N/A       95%         3
 Frozen Ramparts          Ice            2%         1d2       95%         3
 Inner Flame              Hex/Fire       1%         N/A       95%         3
 Mephitic Cloud           Conj/Pois/Air  1%         N/A       95%         3
 Ozocubu's Armour         Ice            1%         N/A       95%         3
 Summon Guardian Golem    Hex/Summ       1%         N/A       95%         3
 Vampiric Draining        Necr           1%         2d6       95%         3
 Animate Armour           Summ/Erth      2%         N/A       100%        4
 Animate Dead             Necr           0%         N/A       100%        4
 Cause Fear               Hex            0%         N/A       100%        4
 Hailstorm                Conj/Ice       1%         3d3       100%        4
 Ice Form                 Ice/Tmut       1%         N/A       100%        4
 Olgreb's Toxic Radiance  Pois           1%         N/A       100%        4
 Summon Ice Beast         Ice/Summ       1%         N/A       100%        4
 Blade Hands              Tmut           0%         N/A       100%        5
 Iron Shot                Conj/Erth      0%         9d1       100%        6
 Haunt                    Necr/Summ      0%         N/A       100%        7
 Orb of Destruction       Conj           0%         9d5       100%        7
 Ozocubu's Refrigeration  Ice            0%         4d5       100%        7
 Spellforged Servitor     Conj/Summ      0%         N/A       100%        7
 Storm Form               Tmut/Air       0%         N/A       100%        7
 Discord                  Hex            0%         N/A       100%        8
 Infestation              Necr           0%         N/A       100%        8


Dungeon Overview and Level Annotations

Branches:
Dungeon (15/15)            Temple (1/1) D:5            Lair (6/6) D:10
 Shoals (4/4) Lair:2       Spider (4/4) Lair:2        Slime (0/5) Lair:6
    Orc (2/2) D:12            Elf (0/3) Orc:2        Vaults (0/5) D:14
 Depths (0/4) D:15        Gauntlet (visited)

Altars:
Ashenzari
Cheibriados
Dithmenos
Elyvilon
Fedhas
Gozag
Hepliaklqana
Kikubaaqudgha
Makhleb
Nemelex Xobeh
Okawaru
Qazlal
Ru
Sif Muna
Trog
Uskayaw
Vehumet
Wu Jian
Xom
Yredelemnul
Zin
The Shining One
Beogh

Shops:
Orc:2 **:(   Shoals:4 [

Annotations:
Shoals:4 exclusion: oklob plant


Innate Abilities, Weirdness & Mutations

Your life essence is reduced to manifest your ancestor. (-10% HP)
You are very small and have problems with some larger weapons.
You are too small for most types of armour.
You have supernaturally acute eyesight. (SInv)
You cover ground extremely quickly. (Speed+++)
You are dopey. (Int -2)


Message History

a +0 leather armour; 2 javelins; a +1 spear of venom The frost giant shouts!
You shoot a sling bullet. The sling bullet hits the frost giant.
The sling bullet burns the frost giant.
The frost giant is lightly wounded.
The frost giant casts a spell at you. The bolt of cold misses you.
You shoot a sling bullet. The sling bullet hits the frost giant.
The sling bullet burns the frost giant.
The frost giant is lightly wounded.
You shoot a sling bullet. The sling bullet hits the frost giant!!
The sling bullet burns the frost giant!
The frost giant is heavily wounded.
Plamen hits the frost giant with a +0 dagger of draining!
Plamen drains the frost giant.
You shoot a sling bullet. The sling bullet hits the frost giant!
The sling bullet burns the frost giant.
The frost giant is severely wounded.
The frost giant gestures at you while chanting.
The bolt of cold hits you!!
Plamen points at the frost giant and mumbles some strange words.
The frost giant resists with almost no effort.
You shoot a sling bullet. The sling bullet hits the frost giant!
The sling bullet burns the frost giant.
The frost giant is almost dead.
The frost giant points at you and mumbles some strange words.
The bolt of cold hits you!!!
* * * LOW HITPOINT WARNING * * *
Plamen hits the frost giant but does no damage.
You are too injured to fight recklessly!
Fire: a) +9 fustibalus (flame)
Press: ? - help, Q - select action, (/) - cycle Shift-Dir - straight line, f/p - frost giant
Aim: a frost giant, wielding a +2 battleaxe of freezing (almost dead, lightly drained, ally target, 92% to hit)
You shoot a sling bullet.
The sling bullet completely misses the frost giant.
Plamen hits the frost giant with a +0 dagger of draining.
Plamen drains the frost giant.
The frost giant casts a spell at you. The bolt of cold hits you!!
You die...

≈≈≈≈.#≈≈≈≈≈≈≈≈≈≈≈#≈≈≈≈≈.####≈#≈≈≈
≈≈≈≈#≈≈≈≈P≈≈≈≈≈≈≈≈#≈≈≈≈≈#######≈.
≈≈P.#≈P≈≈≈≈≈≈≈..≈≈#≈≈≈≈##≈#≈#≈###
≈≈≈..≈≈≈≈≈≈≈≈.....≈≈≈≈≈#≈.≈≈≈≈≈##
≈≈≈≈#≈≈≈≈≈≈≈...)[.#≈≈≈≈##.#≈#≈##≈
≈P≈≈#≈P≈≈≈≈≈......#≈≈≈≈##≈.[≈≈###
≈≈≈≈≈#≈≈≈≈≈......#.≈≈≈###.#≈#≈###
≈≈P..#.≈≈........#.≈≈≈##...≈≈≈≈#≈
≈≈≈.......<.)..[@..≈≈..#≈≈≈##≈###
≈≈≈....##..)..##....≈...#######..
≈≈≈.)<...##)##......≈[..#≈.#≈#...
≈≈≈...........)..≈..C......).....
≈≈≈......).......≈≈.R............
≈≈≈.........=....≈.≈.............
≈≈≈.......................≈...≈≈≈
≈≈≈....#≈#.#.#...........≈≈≈.≈≈≈.
≈≈≈≈≈..#######..........≈≈≈≈≈≈≈..


You could see the friendly Plamen the hexer and a frost giant (drained, ally
target).

Vanquished Creatures
  Kirke (Spider:1)
  The ghost of tbh1313 the Minotaur Blade, an adept MiBe of Trog (Shoals:3)
  Ilsuiw (Shoals:2)
  6 emperor scorpions
  6 ghost moths
  2 broodmothers
  5 entropy weavers
  The ghost of spaghetti the Carver, a journeyman GnBe of Trog (Orc:2)
  A spark wasp (Spider:3)
  A minotaur (Gauntlet)
  A spark wasp (shapeshifter) (D:13)
  A dire elephant (D:15)
  An ettin (Orc:2)
  5 merfolk javelineers
  5 merfolk impalers
  4 yaktaur captains
  2 catoblepae (Lair:6)
  An ice dragon (D:15)
  4 boulder beetles
  2 jorogumos
  A death knight (D:13)
  A radroach (shapeshifter) (D:13)
  3 merfolk avatars
  4 radroaches
  5 hydras
  3 ogre magi
  An alligator snapping turtle (Shoals:4)
  4 merfolk aquamancers
  3 satyrs
  18 two-headed ogres
  9 centaur warriors
  2 tengu warriors (D:14)
  7 death yaks
  A death yak (shapeshifter) (D:13)
  Sonja (Lair:5)
  A fire crab (Gauntlet)
  13 skeletal warriors
  3 pharaoh ants
  2 sun moths
  A flayed ghost (D:15)
  8 sea snakes
  6 steelbarb worms
  2 deep trolls (Orc:2)
  9 orb spiders
  20 harpies
  2 orc sorcerers (Orc:2)
  2 oklob plants (Lair:6)
  A necromancer (Gauntlet)
  A deep elf pyromancer (D:13)
  8 ugly things
  14 wolf spiders
  8 fauns
  A cyclops (shapeshifter) (D:13)
  12 cyclopes
  2 elephants (Lair:4)
  A salamander (D:15)
  A moth of wrath (Spider:3)
  21 manticores
  3 black mambas
  14 merfolk sirens
  5 water nymphs
  2 rime drakes
  3 unseen horrors
  3 torpor snails
  2 efreet
  5 cane toads
  A freezing wraith (D:13)
  7 demonic crawlers
  4 komodo dragons
  A yaktaur (shapeshifter) (D:14)
  A minotaur zombie (Gauntlet)
  32 merfolk
  2 trolls (shapeshifter)
  6 meliai
  2 polar bears
  6 slime creatures
  A hornet (shapeshifter) (D:14)
  4 wind drakes
  12 trolls
  5 dream sheep
  17 blink frogs
  A blink frog (shapeshifter) (D:15)
  8 snapping turtles
  20 jumping spiders
  23 tarantellas
  A centaur simulacrum (D:15)
  17 culicivoras
  3 wraiths
  5 water elementals
  3 wyverns
  39 yaks
  2 basilisks (Lair:6)
  4 hogs (Spider:1)
  3 fire bats (Gauntlet)
  A redback simulacrum (D:14)
  2 steam dragons
  6 vampire mosquitoes
  49 redbacks
  A warg (Orc:1)
  A swamp worm (shapeshifter) (D:13)
  13 water moccasins
  2 acid dragons
  Duvessa (D:4)
  2 ice beasts
  17 orc warriors
  2 sky beasts (D:7)
  A swamp drake (D:12)
  2 black bears
  8 wolves
  14 ogres (Orc:2)
  An ogre (shapeshifter) (D:13)
  5 boggarts (D:14)
  15 centaurs
  2 hexers
  2 phantoms
  A kobold brigand (D:8)
  7 bullfrogs
  A necrophage (D:5)
  3 gnoll sergeants
  4 scorpions
  14 wights
  Dowan (D:4)
  28 killer bees
  6 electric eels
  3 lava snakes (Lair:5)
  Crazy Yiuf (D:7)
  14 orc priests
  5 hounds
  3 jellies
  A gnoll shaman (D:4)
  Terence (D:3)
  Jessica (D:2)
  6 iguanas
  Ijyb (D:3)
  Natasha (thrice) (D:3)
  18 orc wizards
  18 gnolls
  12 adders
  A shadow imp (D:6)
  3 white imps
  A worm (D:3)
  5 dart slugs
  55 orcs
  7 ball pythons
  8 endoplasms
  A giant cockroach (D:1)
  6 goblins
  2 hobgoblins
  9 jackals
  16 kobolds
  4 quokkas
  5 bats
  4 frilled lizards
  4 rats
950 creatures vanquished.

Vanquished Creatures (collateral kills)
  2 emperor scorpions (Spider:4)
  An ironbound preserver (D:14)
  2 entropy weavers
  A green death (Gauntlet)
  2 merfolk impalers (Shoals:4)
  3 hydras
  2 merfolk avatars
  3 merfolk aquamancers (Shoals:4)
  A catoblepas (Lair:6)
  4 centaur warriors
  A two-headed ogre (D:10)
  4 death yaks
  A tengu warrior (D:14)
  Urug (Lair:1)
  A pharaoh ant (Spider:4)
  2 sea snakes (Shoals:2)
  A sun moth (Spider:4)
  An orb spider (Spider:4)
  A skeletal warrior (D:15)
  2 steelbarb worms
  6 harpies
  A deep elf pyromancer (D:12)
  3 wolf spiders
  A faun (Shoals:3)
  3 ugly things (D:14)
  A moth of wrath (shapeshifter) (D:13)
  A cyclops (D:14)
  A black mamba (Lair:6)
  3 merfolk sirens
  3 manticores
  3 elephants (Lair:4)
  A black mamba (shapeshifter) (D:13)
  A water nymph (Shoals:4)
  A demonic crawler (Spider:3)
  A torpor snail (Lair:6)
  2 cane toads
  2 komodo dragons (Lair:1)
  2 trolls
  5 merfolk
  A queen bee (D:12)
  3 polar bears
  3 tarantellas
  2 slime creatures
  6 blink frogs
  A snapping turtle (Shoals:4)
  5 dream sheep
  A shadow (D:10)
  A jumping spider (Spider:4)
  4 culicivoras
  11 yaks
  3 basilisks
  A water elemental (Shoals:4)
  9 redbacks
  2 water moccasins
  4 ogres
  7 wolves
  2 centaurs
  4 bullfrogs
  A scorpion (Lair:2)
  5 killer bees (D:12)
  A lava snake (Lair:5)
  3 orc priests (Orc:1)
  An orc wizard (Orc:1)
  5 orcs
163 creatures vanquished.

Vanquished Creatures (others)
  A centaur (D:14)
  A gnoll sergeant (D:4)
  An electric eel (Lair:6)
  A hound (D:4)
  5 ancestors (D:10)
  A gnoll shaman (D:4)
  79 hexers
  An orc wizard (Orc:1)
  A hobgoblin (D:4)
  8 demonic plants (Gauntlet)
  13 fungi
  121 plants
233 creatures vanquished.

Grand Total: 1346 creatures vanquished

Notes
Turn   | Place    | Note
-------+----------+-------------------------------------------
     0 | D:1      | zishaf the Spriggan Hunter began the quest for the Orb.
     0 | D:1      | Reached XP level 1. HP: 10/10 MP: 2/2
   138 | D:1      | Found a faded altar of an unknown god.
   227 | D:1      | Reached skill level 5 in Slings
   240 | D:1      | Reached XP level 2. HP: 15/15 MP: 3/3
   649 | D:1      | Reached XP level 3. HP: 18/18 MP: 4/4
   947 | D:2      | Noticed Jessica
   955 | D:2      | Killed Jessica
   956 | D:2      | Reached XP level 4. HP: 16/23 MP: 5/5
  1313 | D:2      | Identified the +3 mace of Ashenzari's Regard {protect,
                  | *Rage rC+++ Dex+4 Stlth+}
  2017 | D:3      | Noticed Ijyb
  2032 | D:3      | Killed Ijyb
  2033 | D:3      | Reached XP level 5. HP: 14/27 MP: 6/6
  2058 | D:3      | Found an ornate altar of the Wu Jian Council.
  2076 | D:3      | Noticed Terence
  2359 | D:3      | Found a burning altar of Makhleb.
  2386 | D:3      | Killed Terence
  2422 | D:3      | Noticed Natasha
  2429 | D:3      | Killed Natasha
  2516 | D:3      | Noticed Natasha
  2530 | D:3      | Killed Natasha
  2531 | D:3      | Reached XP level 6. HP: 32/32 MP: 7/7
  2762 | D:3      | Found a stormy altar of Qazlal.
  2986 | D:3      | Found a burning altar of Makhleb.
  3104 | D:3      | Found a stormy altar of Qazlal.
  3492 | D:3      | Found an ornate altar of the Wu Jian Council.
  3592 | D:3      | Noticed Natasha
  3603 | D:3      | Killed Natasha
  3604 | D:3      | Reached skill level 5 in Stealth
  3776 | D:4      | Reached skill level 5 in Dodging
  3938 | D:4      | Learned a level 2 spell: Blink
  3980 | D:4      | Reached skill level 1 in Short Blades
  3980 | D:4      | Reached XP level 7. HP: 36/36 MP: 8/8
  4067 | D:4      | Found a shimmering altar of Xom.
  4221 | D:4      | Noticed Duvessa
  4223 | D:4      | Noticed Dowan
  4261 | D:4      | Killed Duvessa
  4706 | D:4      | Killed Dowan
  4774 | D:5      | Entered Level 5 of the Dungeon
  5032 | D:5      | Found a staircase to the Ecumenical Temple.
  5044 | D:5      | Reached XP level 8. HP: 42/42 MP: 9/9
  5049 | Temple   | Entered the Ecumenical Temple
  5223 | D:5      | Noticed a troll
  5310 | D:5      | Killed a troll
  5320 | D:5      | Found a glowing silver altar of Zin.
  5490 | D:5      | Found an iron altar of Okawaru.
  5815 | D:6      | Reached skill level 1 in Evocations
  6001 | D:6      | Found a shimmering blue altar of Sif Muna.
  6131 | D:6      | Reached skill level 5 in Fighting
  6460 | D:7      | Reached XP level 9. HP: 41/47 MP: 10/10
  6681 | D:7      | Noticed a two-headed ogre
  6716 | D:7      | Killed a two-headed ogre
  6717 | D:7      | Reached skill level 5 in Evocations
  7090 | D:7      | Reached skill level 10 in Slings
  7196 | D:7      | Reached XP level 10. HP: 53/53 MP: 11/11
  7322 | D:7      | Reached skill level 10 in Dodging
  7448 | D:7      | Found a runed translucent door.
  7476 | D:7      | Noticed Crazy Yiuf
  7496 | D:7      | Killed Crazy Yiuf
  7778 | D:8      | Found a blossoming altar of Fedhas.
  7906 | D:8      | Found a broken altar of Ashenzari.
  8178 | D:8      | Found a hazy altar of Hepliaklqana.
  8178 | D:8      | Noticed a two-headed ogre
  8206 | D:8      | Killed a two-headed ogre
  8228 | D:8      | Became a worshipper of Hepliaklqana the Forgotten
  8387 | D:8      | Found an opulent altar of Gozag.
  9463 | D:9      | Reached * piety under Hepliaklqana
  9607 | D:9      | Found a glowing golden altar of the Shining One.
 10137 | D:10     | Entered Level 10 of the Dungeon
 10168 | D:10     | Noticed a two-headed ogre
 10175 | D:10     | Killed a two-headed ogre
 10470 | D:10     | Reached XP level 11. HP: 48/52 MP: 12/12
 11051 | D:10     | Found a sparkling altar of Nemelex Xobeh.
 11053 | D:10     | Reached ** piety under Hepliaklqana
 11054 | D:10     | Remembered your ancestor Plamen as a hexer
 11145 | D:10     | Found a staircase to the Lair.
 11458 | D:11     | Noticed a skeletal warrior
 11556 | D:11     | Noticed a skeletal warrior
 11559 | D:11     | Noticed a skeletal warrior
 11633 | D:11     | Noticed a five-headed hydra
 11904 | D:10     | Killed a skeletal warrior
 11935 | D:11     | Noticed a skeletal warrior
 11935 | D:11     | Noticed a skeletal warrior
 12092 | D:10     | Killed a skeletal warrior
 12461 | D:10     | Killed a skeletal warrior
 12462 | D:10     | Reached skill level 1 in Translocations
 12533 | D:11     | Killed a five-headed hydra
 12534 | D:11     | Reached skill level 1 in Spellcasting
 12534 | D:11     | Reached skill level 1 in Invocations
 12534 | D:11     | Reached skill level 10 in Evocations
 12722 | D:10     | Killed a skeletal warrior
 13501 | D:10     | Killed a skeletal warrior
 13667 | D:12     | Noticed a two-headed ogre
 13702 | D:12     | Killed a two-headed ogre
 13806 | D:12     | Noticed a deep elf pyromancer
 13816 | D:12     | Killed a deep elf pyromancer
 14211 | D:12     | Reached XP level 12. HP: 30/58 MP: 17/17
 14374 | Lair:1   | Entered Level 1 of the Lair of Beasts
 14374 | Lair:1   | Reached *** piety under Hepliaklqana
 14505 | Lair:1   | Noticed Urug
 14565 | Lair:1   | Killed Urug
 14679 | Lair:1   | Reached skill level 5 in Translocations
 15338 | Lair:2   | Reached **** piety under Hepliaklqana
 15472 | Lair:2   | Noticed an eight-headed hydra
 15480 | Lair:2   | Killed an eight-headed hydra
 15492 | Lair:2   | Identified the +6 long sword of Charity {flame, rC+}
 15600 | Lair:2   | Found a staircase to the Shoals.
 15832 | Lair:2   | Noticed an eight-headed hydra
 15838 | Lair:2   | Killed an eight-headed hydra
 15874 | Lair:2   | Reached skill level 5 in Invocations
 15880 | Lair:2   | Found a hole to the Spider Nest.
 16436 | Lair:3   | Reached ***** piety under Hepliaklqana
 17278 | Lair:4   | Reached XP level 13. HP: 63/63 MP: 18/18
 18077 | Lair:5   | Noticed Sonja
 18090 | Lair:5   | Killed Sonja
 18221 | Lair:5   | Identified the ring of Selygami {rElec MP+9 Str+2 Dex+3}
 18444 | Lair:5   | Reached skill level 15 in Dodging
 18498 | Lair:5   | Reached skill level 10 in Fighting
 18775 | Lair:6   | Entered Level 6 of the Lair of Beasts
 19003 | Lair:6   | Found a staircase to the Slime Pits.
 19113 | Lair:6   | Reached skill level 15 in Slings
 19433 | Lair:6   | Reached ****** piety under Hepliaklqana
 19643 | Lair:6   | Reached XP level 14. HP: 69/69 MP: 19/19
 20917 | D:12     | Found a staircase to the Orcish Mines.
 21729 | D:13     | Reached skill level 1 in Armour
 22246 | D:13     | Reached skill level 5 in Short Blades
 23474 | D:13     | Reached XP level 15. HP: 75/75 MP: 21/21
 24622 | D:14     | Found a gate to the Vaults.
 25071 | D:15     | Entered Level 15 of the Dungeon
 25166 | D:15     | Found a gate leading to a gauntlet.
 25170 | Gauntlet | Entered a Gauntlet
 25170 | Gauntlet | Found a transporter.
 25170 | Gauntlet | Found a transporter.
 25172 | Gauntlet | Found a transporter.
 25182 | Gauntlet | Found a transporter.
 25184 | Gauntlet | Found the +0 staff of Battle
 25185 | Gauntlet | Found a transporter.
 25197 | Gauntlet | Found a transporter.
 25197 | Gauntlet | Found a transporter.
 25207 | Gauntlet | Found a transporter.
 25225 | Gauntlet | Found a transporter.
 25242 | Gauntlet | Found a transporter.
 25245 | Gauntlet | Found a transporter.
 25263 | Gauntlet | Found a transporter.
 25450 | Gauntlet | Identified the ring "Akaxuaf" {rPois AC+4}
 25453 | Gauntlet | Identified the +6 quarterstaff of Xialig Usaox {freeze,
                  | rElec Will+ Int-5 Dex+5}
 25904 | D:15     | Found a staircase to the Depths.
 27215 | Orc:1    | Entered Level 1 of the Orcish Mines
 27656 | Orc:2    | Entered Level 2 of the Orcish Mines
 27970 | Orc:2    | Found a staircase to the Elven Halls.
 28227 | Orc:2    | Reached XP level 16. HP: 81/81 MP: 23/23
 28320 | Orc:2    | Reached skill level 5 in Armour
 28358 | Orc:2    | Found Offolow's General Store.
 28363 | Orc:2    | Found Aqur Tefu's Weapon Shop.
 28377 | Orc:2    | Found Zasae's General Store.
 28414 | Orc:2    | Found Qoickas's Book Boutique.
 28476 | Orc:2    | Found a transporter.
 28483 | Orc:2    | Noticed spaghetti's ghost (journeyman GnBe)
 28526 | Orc:2    | Identified the +7 great mace "Urep" {vorpal, Int+6}
 28533 | Orc:2    | Found a transporter.
 28574 | Orc:2    | Killed spaghetti's ghost
 28647 | Orc:2    | Bought a scroll of brand weapon for 280 gold pieces
 28873 | Spider:1 | Entered Level 1 of the Spider Nest
 29348 | Spider:1 | Noticed Kirke
 29354 | Spider:1 | Killed Kirke
 30163 | Spider:2 | You fall into a shaft and drop 1 floor!
 30771 | Spider:2 | Reached skill level 15 in Evocations
 31419 | Spider:2 | Identified the +0 spear "Jyxan" {flame, *Slow Str+7}
 31673 | Spider:3 | Reached XP level 17. HP: 86/86 MP: 24/24
 31838 | Spider:3 | Learned a level 3 spell: Teleport Other
 32316 | Spider:4 | Entered Level 4 of the Spider Nest
 33266 | Spider:4 | Reached skill level 15 in Fighting
 34275 | Spider:4 | Got a gossamer rune of Zot
 34969 | Shoals:1 | Entered Level 1 of the Shoals
 35652 | Shoals:2 | Noticed Ilsuiw
 35682 | Shoals:2 | Killed Ilsuiw
 35683 | Shoals:2 | Reached XP level 18. HP: 80/96 MP: 25/25
 36491 | Shoals:3 | Identified a scroll of acquirement
 36492 | Shoals:3 | Acquired a +0 fustibalus of freezing
 36634 | Shoals:3 | Found a runed translucent door.
 36659 | Shoals:3 | Noticed tbh1313's ghost (adept MiBe)
 37302 | Shoals:3 | Killed tbh1313's ghost
 37408 | Shoals:4 | Entered Level 4 of the Shoals
 37708 | Shoals:4 | Found a shimmering altar of Xom.
 37850 | Shoals:4 | Identified the +4 leather armour of Vlad {rN+}
 37924 | Shoals:4 | Gained mutation: You expend magic power (3 MP) to
                  | strengthen your wands. [potion of mutation]
 37924 | Shoals:4 | Gained mutation: You sometimes lose the ability to read
                  | scrolls when taking damage. [potion of mutation]
 37924 | Shoals:4 | Gained mutation: Your mind is acute. (Int +2) [potion of
                  | mutation]
 37925 | Shoals:4 | Lost mutation: You sometimes lose the ability to read
                  | scrolls when taking damage. [potion of mutation]
 37925 | Shoals:4 | Lost mutation: You expend magic power (3 MP) to strengthen
                  | your wands. [potion of mutation]
 37925 | Shoals:4 | Lost mutation: Your mind is acute. (Int +2) [potion of
                  | mutation]
 37925 | Shoals:4 | Gained mutation: You are agile. (Dex +2) [potion of
                  | mutation]
 37925 | Shoals:4 | Gained mutation: You are resistant to electric shocks.
                  | (rElec) [potion of mutation]
 37925 | Shoals:4 | Gained mutation: You are weak. (Str -2) [potion of
                  | mutation]
 38014 | Shoals:4 | Found Vishabakagh's Dragon-Slaying Spoils.
 38021 | Shoals:4 | Lost mutation: You are resistant to electric shocks.
                  | (rElec) [potion of mutation]
 38021 | Shoals:4 | Lost mutation: You are weak. (Str -2) [potion of mutation]
 38021 | Shoals:4 | Lost mutation: You are agile. (Dex +2) [potion of mutation]
 38021 | Shoals:4 | Gained mutation: You are weak. (Str -2) [potion of
                  | mutation]
 38021 | Shoals:4 | Gained mutation: You are very weak. (Str -4) [potion of
                  | mutation]
 38021 | Shoals:4 | Gained mutation: You have a pair of small horns on your
                  | head. [potion of mutation]
 38021 | Shoals:4 | Gained mutation: You have sharp toenails. [potion of
                  | mutation]
 38022 | Shoals:4 | Lost mutation: You have a pair of small horns on your head.
                  | [potion of mutation]
 38022 | Shoals:4 | Lost mutation: You have sharp toenails. [potion of
                  | mutation]
 38022 | Shoals:4 | Lost mutation: You are very weak. (Str -4) [potion of
                  | mutation]
 38022 | Shoals:4 | Lost mutation: You are weak. (Str -2) [potion of mutation]
 38022 | Shoals:4 | Gained mutation: You are dopey. (Int -2) [potion of
                  | mutation]
 38023 | Shoals:4 | Bought quicksilver dragon scales for 840 gold pieces
 39172 | Shoals:4 | Killed from afar by a frost giant

Illustrated notes

Levels and vault maps discovered:
D:1:      dpeg_arrival_three_smaller_balls, layout_basic,
          hellmonk_ecumenical_altar_leap_of_faith, minmay_misc_feat_plants
D:2:      layout_basic, dk_noncrumbling_3, uniq_jessica
D:3:      layout_loops_corners, mainiacjoe_overflow_catch_the_wave,
          mainiacjoe_overflow_alcove_1, grunt_decor_resistance, uniq_ijyb,
          uniq_natasha, uniq_terence
D:4:      dreamdust_elfheim, layout_cave_pools, xom_confusion_cloud,
          kennysheep_generic_room_16
D:5:      layout_rooms, kennysheep_mini, kennysheep_okawaru_gauntlet,
          minmay_temple_entry_gardened_gates, kennysheep_potato
D:6:      layout_basic, mainiacjoe_overflow_concentric_impassable
D:7:      hangedman_cross_stitches, layout_basic, kennysheep_pointless_box,
          uniq_crazy_yiuf_cottage
D:8:      layout_loops_corners, mainiacjoe_overflow_alcove_2, fedhas_altar_3,
          lemuel_doored_altar, nicolae_gozag_seed_capital
D:9:      layout_grid_maze, nicolae_tso_swordbearing_angel
D:10:     layout_irregular_city, mainiacjoe_overflow_tiny_flanked,
          lair_entry_dummy, due_unseen_surprise
D:11:     layout_cave_pods
D:12:     layout_loops_cross, erik_orc_1, special_room [special_room_bee]
D:13:     minmay_the_grid_square_5x5_4x4_mashed
          [minmay_the_grid_square_5x5_hollow_slash,
          minmay_the_grid_square_5x5_two, minmay_the_grid_square_5x5_fat_x,
          minmay_the_grid_square_5x5_v, minmay_the_grid_square_5x5_hourglass,
          minmay_the_grid_square_5x5_prize_snowflake,
          minmay_the_grid_square_5x5_prize_itemx,
          minmay_the_grid_square_5x5_eight, minmay_the_grid_square_5x5_moneybag,
          minmay_the_grid_square_5x5_prize_monsterx,
          minmay_the_grid_square_5x5_prize_open,
          minmay_the_grid_square_5x5_inner_v,
          minmay_the_grid_square_5x5_inner_i,
          minmay_the_grid_square_5x5_eight_small,
          minmay_the_grid_square_5x5_meh, minmay_the_grid_square_5x5_trominoes],
          layout_basic
D:14:     layout_loops_ring, skrybe_vaults_entry_preservation,
          hangedman_abyss_or_decor_jellyfish_corner
D:15:     hangedman_depths_entry_try_elsewhere_first, layout_loops_ring,
          minivault_19, gauntlet_entry_generic, minivault_28
Temple:   nicolae_temple_figure_zero
Lair:1:   layout_regular_city, lemuel_old_faithful, uniq_urug
Lair:2:   layout_regular_city, minmay_shoals_entry_lonely_mermaid,
          nicolae_spider_entry_tight_spaces, nicolae_quartered_pool_impasse,
          cheibrodos_lair_lostbears, grunt_megastairs_4
Lair:3:   layout_cave_pods
Lair:4:   layout_regular_city
Lair:5:   layout_long_grid, nicolae_lair_liquid_snakes, uniq_sonja
Lair:6:   evilmike_catoblepas_cave, layout_cave_pods,
          minmay_slime_entry_oklob_open, grunt_megastairs_3,
          serial_bayou_shore_a, lemuel_fruit_fields,
          infiniplex_staircase_pool_2, serial_bayou_shore_b
Shoals:1: layout_shoals
Shoals:2: layout_shoals, uniq_ilsuiw
Shoals:3: layout_shoals, ebering_ghost_inner_flame
Shoals:4: shoals_end_grunt_ice, layout_shoals, shoals_ilsuiw_ice,
          nicolae_shop_dragon_depot, nicolae_shoals_circle_sea_wall,
          lemuel_oklob_altar
Spider:1: layout_spider_delve, uniq_kirke
Spider:2: layout_spider_delve
Spider:3: layout_spider_delve
Spider:4: grunt_spider_rune_circles
Orc:1:    layout_diamond_mine, basic_altar
Orc:2:    st_orc_open, layout_diamond_mine, gammafunk_ghost_smash, mines2_lemuel

Skill      XL: |  1  2  3  4  5  6  7  8  9 10 11 12 13 14 15 16 17 18 |
---------------+-------------------------------------------------------+-----
Stealth        | 2 3 4 5 6 8 |  8.0
Slings         | 5 6 7 8 10 11 12 13 15 16 18 | 18.0
Dodging        | 3 4 5 6 8 9 11 12 14 16 17 18 | 18.1
Fighting       | 2 3 4 5 6 7 8 9 10 11 12 13 16 18 | 18.6
Short Blades   | 1 3 4 5 8 |  8.0
Evocations     | 3 6 8 10 11 13 15 | 15.0
Translocations | 4 6 |  6.0
Spellcasting   | 3 |  3.0
Invocations    | 2 5 6 7 8 |  8.0
Armour         | 2 4 5 |  5.8

Action                   |  1- 3 |  4- 6 |  7- 9 | 10-12 | 13-15 | 16-18 || total
-------------------------+-------+-------+-------+-------+-------+-------++-------
Melee: Short sword       |     4 |    77 |   141 |   199 |   392 |   114 ||   927
       Punch             |       |     2 |     2 |     1 |     8 |     1 ||    14
       Mace              |       |       |    10 |     4 |       |       ||    14
 Fire: Hunting sling     |    81 |    97 |   239 |   825 |  1079 |       ||  2321
       Fustibalus        |       |       |       |       |   332 |  1672 ||  2004
 Cast: Blink             |       |       |       |       |       |     2 ||     2
Invok: Recall Ancestor   |       |       |       |     9 |     8 |     9 ||    26
       Ancestor Life: He |       |       |       |     1 |       |       ||     1
       Transference      |       |       |       |       |     3 |       ||     3
 Abil: Evoke Invisibilit |       |       |       |       |     2 |     1 ||     3
Evoke: Wand              |       |       |       |     2 |     2 |    10 ||    14
       Lightning rod     |       |       |       |       |     1 |    10 ||    11
       Condenser vane    |       |       |       |       |     1 |     4 ||     5
       Tin of tremorston |       |       |       |       |       |     2 ||     2
  Use: Scroll            |       |     8 |     5 |    12 |     8 |     9 ||    42
       Potion            |       |       |       |       |       |     4 ||     4
 Stab: Sleeping          |       |     4 |       |     3 |     4 |     1 ||    12
       Distracted        |       |       |       |     4 |     3 |     2 ||     9
       Confused          |       |       |       |     4 |     2 |     3 ||     9
       Paralysed         |       |       |       |       |     4 |     6 ||    10
       Invisible         |       |       |       |       |     4 |       ||     4
Armor: Robe              |    12 |     6 |     8 |       |       |       ||    26
       Skin              |       |     6 |       |       |       |       ||     6
       Steam dragon scal |       |       |       |    19 |    23 |    29 ||    71
       Quicksilver drago |       |       |       |       |       |    11 ||    11
Dodge: Dodged            |    24 |    67 |   196 |   297 |   642 |   658 ||  1884

Table legend: (Time is in decaauts)
 A = Elapsed time spent in this place.
 B = Non-inter-level travel time spent in this place.
 C = Inter-level travel time spent in this place.
 D = Time resting spent in this place.
 E = Time spent auto-exploring this place.
 F = Levels seen in this place.
 G = Mean time per level.
                   A        B        C        D        E       F      G
               +--------+--------+--------+--------+--------+-----+--------+
         Total |  32625 |  30223 |   2402 |   3069 |  16824 |  33 |  988.6 |
       Dungeon |  15881 |  14746 |   1135 |   1048 |   8562 |  15 | 1058.7 |
        Temple |     79 |     74 |      5 |      0 |     64 |   1 |   79.0 |
          Lair |   5842 |   5427 |    415 |    174 |   3827 |   6 |  973.7 |
        Shoals |   3932 |   3781 |    151 |    579 |   1759 |   4 |  983.0 |
   Spider Nest |   5279 |   4716 |    563 |   1192 |   1808 |   4 | 1319.8 |
  Orcish Mines |   1330 |   1199 |    131 |     36 |    802 |   2 |  665.0 |
      Gauntlet |    280 |    280 |      0 |     39 |      1 |   1 |  280.0 |
               +--------+--------+--------+--------+--------+-----+--------+

Top non-repeatable levels by time:
    D:10: 2061 daAuts
    D:13: 1989 daAuts
Spider:4: 1898 daAuts
  Lair:6: 1541 daAuts
Shoals:3: 1471 daAuts
    D:14: 1375 daAuts
    D:12: 1284 daAuts
Spider:1: 1246 daAuts
Shoals:4: 1195 daAuts
    D:15: 1153 daAuts
Spider:3: 1085 daAuts
Spider:2: 1049 daAuts
    D:11: 1025 daAuts
     D:3: 1018 daAuts
  Lair:2: 983 daAuts
